AoeStats
← kV0t3

Arabia

508591525Analyzed
1v1 RM · 10d ago on Sep 23, 2026· 48m 15s· 2 players
Game mode
Random Map
Map size
Tiny (2 player)
Population
200
Speed
Normal
Resources
Standard
Victory
Conquest
Starting age
Dark Age
Ending age
Imperial Age
RankedLock teamsTeams togetherTeam positionsShared explorationLock speedFull tech treeHidden civsTurbo modeCheats
Victory
Defeat
🇲🇽 Celts · Mexico
1304
+13
🇦🇷 Koreans · Argentina
1248
-13
kV0t3
0:25 Loom
9:26 Feudal Age
13:45 Double-Bit Axe
25:03 Castle Age
23:41 Gold Mining
23:32 Horse Collar
25:56 Fletching
26:17 Bow Saw
26:47 Scale Barding Armor
29:12 Chain Barding Armor
30:12 Bodkin Arrow
34:27 Wheelbarrow
33:53 Heavy Plow
36:18 Hand Cart
37:04 Forging
37:15 Crossbowman
38:49 Ballistics
41:47 Imperial Age
46:40 Chemistry
46:24 Bracer
47:26 Two-Man Saw
46:18 Stone Mining
MalvXIV
6:57 Loom
9:32 Feudal Age
12:25 Double-Bit Axe
15:05 Town Watch
15:43 Man-at-Arms
19:58 Arson
20:39 Horse Collar
22:43 Fletching
23:31 Wheelbarrow
27:51 Castle Age
29:25 Bodkin Arrow
32:18 Town Patrol
35:06 Scale Mail Armor
36:32 Heavy Plow
41:12 Imperial Age
39:23 Hand Cart
39:38 Forging
40:24 Chain Mail Armor
41:25 Stronghold
42:13 Iron Casting
42:24 Conscription
42:37 Conscription
43:11 Plate Mail Armor
45:07 Chemistry
44:06 Onager
46:41 Furor Celtica
45:53 Elite Woad Raider
47:35 Blast Furnace
Connection lost

Rejoining the realm…

Still unreachable

The connection could not be restored.

Session expired

The server has moved on; the page needs a fresh start.